 Dungeon Crawl Stone Soup version 0.29-a0-341-g24ffce5b50 (webtiles) character file.

Game seed: 11059274254284841798

3724 spaghetti the Grappler (level 10, -3/127 (138) HPs)
             Began as a Naga Berserker on Apr 20, 2022.
             Was a Priest of Trog.
             Slain by a wight
             ... wielding a +3 dire flail of freezing
              (7 damage)
             ... on level 7 of the Dungeon.
             The game lasted 00:14:22 (11796 turns).

spaghetti the Grappler (Naga Berserker)            Turns: 11796, Time: 00:14:22

HP:   -3/127 (138)  AC: 11    Str: 19    XL:     10   Next: 14%
MP:   19/19         EV:  5    Int:  8    God:    Trog [***...]
Gold: 648           SH:  0    Dex: 15    Spells: 9/9 levels left

rFire   . . .      SeeInvis +     - Unarmed
rCold   + . .      Faith    .   (no shield)
rNeg    . . .      Spirit   .   b - +0 plate armour
rPois   +          Reflect  .   w - +0 helmet
rElec   +          Harm     .   u - +0 cloak of the Unseen Realm {rElec rC+ MP+9}
rCorr   .          Rampage  .   y - +0 pair of gloves
Will    ++++.                   (no barding)
Stlth   ..........              A - amulet of the acrobat
HPRegen 1.31/turn               n - ring of flight
MPRegen 0.16/turn               e - ring of willpower

@: berserking, strong-willed, corroded, flying, regenerating, drained, quick
A: AC +3, large, see invisible, deformed body, poison resistance, slowness 2,
spit poison 1, naga tail 1
a: Spit Poison, Renounce Religion, Berserk, Trog's Hand


You were on level 7 of the Dungeon.
You worshipped Trog.
Trog was most pleased with you.
You visited 1 branch of the dungeon, and saw 8 of its levels.
You also visited: Bailey.

You collected 648 gold pieces.


Innate Abilities, Weirdness & Mutations

Your serpentine skin is tough. (AC +3)
You have supernaturally acute eyesight. (SInv)
Armour fits poorly on your strangely shaped body.
Your system is resistant to poisons. (rPois)
You cover ground very slowly.
You can spit poison.
You have a snake-like lower body.


   Skills:
 + Level 6.7 Fighting
 * Level 6.6 Armour
 + Level 5.2 Dodging
 * Level 9.1 Unarmed Combat


You had 9 spell levels left.
You didn't know any spells.
Your spell library contained the following spells:

 Spells                   Type           Power      Damage    Failure   Level
 Animate Skeleton         Necr           0%         N/A       100%        1
 Apportation              Tloc           0%         N/A       100%        1
 Foxfire                  Conj/Fire      0%         2x1d4     100%        1
 Summon Small Mammal      Summ           0%         N/A       100%        1
 Conjure Flame            Conj/Fire      0%         6-21      100%        3
 Inner Flame              Hex/Fire       0%         N/A       100%        3
 Flame Wave               Conj/Fire      0%         2d4       100%        4
 Iskenderun's Battlesphe  Conj           0%         2d6       100%        5
 Iron Shot                Conj/Erth      0%         9d1       100%        6
 Spellforged Servitor     Conj/Summ      0%         N/A       100%        7

Inventory:

Missiles
 g - 6 curare-tipped darts {=fthrowing}
 i - 31 boomerangs {throwing}
 l - 49 poisoned darts {throwing}
 o - 181 stones (quivered) {throwing}
 H - 8 atropa-tipped darts {throwing}
Armour
 a - a +0 animal skin
 b - a +0 plate armour (worn)
   (You found it on level 7 of the Dungeon)
 u - the +0 cloak of the Unseen Realm (worn) {rElec rC+ MP+9}
   (You found it on level 3 of the Dungeon)

   rC:        It protects you from cold.
   rElec:     It insulates you from electricity.
   MP:        It affects your magic capacity (+9).
 w - a +0 helmet (worn)
   (You found it on level 4 of the Dungeon)
 y - a +0 pair of gloves (worn)
   (You found it on level 4 of the Dungeon)
Jewellery
 e - a ring of willpower (right hand)
   (You found it on level 3 of the Dungeon)
 h - a ring of positive energy
   (You found it on level 4 of the Dungeon)
 n - a ring of flight (left hand)
   (You found it on level 2 of the Dungeon)
 A - an amulet of the acrobat (around neck)
   (You found it on level 6 of the Dungeon)
Wands
 v - a wand of mindburst (14)
   (You found it on level 3 of the Dungeon)
 B - a wand of acid (8)
   (You found it on level 6 of the Dungeon)
 C - a wand of iceblast (11)
   (You found it on level 6 of the Dungeon)
 E - a wand of paralysis (7)
   (You found it on level 6 of the Dungeon)
Scrolls
 c - 2 scrolls of amnesia
 j - 2 scrolls of enchant weapon
 k - 7 scrolls of teleportation {@r4}
 p - 2 scrolls of blinking {!r}
 q - 3 scrolls of vulnerability {unknown}
 r - a scroll of immolation {unknown}
 s - 4 scrolls of brand weapon {unknown}
 x - 2 scrolls of fog {unknown}
 D - 2 scrolls of fear {unknown}
 F - a scroll of noise {unknown}
Potions
 d - a potion of degeneration {!q@e2}
 f - 5 potions of curing {@q1}
 m - 3 potions of might
 t - 2 potions of attraction {unknown}
 z - a potion of heal wounds {@q2}
 G - a potion of lignification {!q}
 J - a potion of brilliance {unknown}
Miscellaneous
 I - a phantom mirror
   (You found it in a bailey)

Dungeon Overview and Level Annotations

Branches:
Dungeon (8/15)             Temple (0/1) D:6          Bailey (visited)
   Lair: D:8-11

Altars:
Fedhas
Hepliaklqana
Kikubaaqudgha
Sif Muna
Trog
Vehumet
Yredelemnul
Zin

Annotations:
D:1 1 runed translucent door
D:3 2 runed translucent doors, SirDiesAlot's ghost, amateur FoAK
D:4 2 transporters
D:6 3 runed translucent doors, Doorstop00's ghost, novice MiBe

######### #.......# #.#####.# #.#
#.# #.# #.# #.# #.# ############
#.#####.# #@D.....<..#
#..)..#.###z########.#
#####.#..............# #
#.####.....####### ##### #.#
#.....# #.... #.# #.....# #.#..
#.# #.....# ####.#..
##########.####.....######.......
.............####..........≈≈≈≈≈≈


You could see a steam dragon (catching breath) and a wight.


Message History

The wight hits you with a +3 dire flail of freezing.
* * * LOW HITPOINT WARNING * * *
You feel drained.
* * * LOW HITPOINT WARNING * * *
The wight freezes you.
* * * LOW HITPOINT WARNING * * *
The steam dragon bites you but does no damage.
The steam dragon barely misses you. The wight closely misses you.
You fly upwards.
There is a stone staircase leading down, spattered with blood here. 😨 HP[-28]
You now have 83 max hp (-2).
You take 28 damage, and now have 39/83 hp.
MASSIVE DAMAGE!! (PAUSE) Unknown command.
Unknown command.
Unknown command.
Your skin crawls.
You feel strong-willed. The acid dragon bites you.
* * * LOW HITPOINT WARNING * * *
The acid dragon claws you but does no damage.
The steam dragon bites you.
* * * LOW HITPOINT WARNING * * *
The steam dragon claws you but does no damage. 😨 HP[-6]
You take 6 damage, and now have 33/83 hp.
A red film seems to cover your vision as you go berserk!
You feel yourself moving faster!
You feel mighty!
The acid dragon bites you but does no damage.
The acid dragon claws you but does no damage.
The steam dragon bites you.
* * * LOW HITPOINT WARNING * * *
The steam dragon barely misses you. 😨 HP[+16]
You now have 124 max hp (+41).
You regained 16 hp, and now have 49/124 hp.
You punch the steam dragon! 😨 HP[+1]
You closely miss the steam dragon. The acid dragon bites you.
* * * LOW HITPOINT WARNING * * *
The acid dragon claws you but does no damage.
The steam dragon bites you but does no damage.
The steam dragon completely misses you. 😨 HP[-6]
You take 6 damage, and now have 44/124 hp.
You hit the acid dragon but do no damage. 😨 HP[+1]
You punch the acid dragon! You punch the acid dragon.
The acid dragon barely misses you.
The acid dragon claws you but does no damage.
The steam dragon breathes steam at you. The ball of steam hits you!
* * * LOW HITPOINT WARNING * * *
😨 HP[-9]
You take 9 damage, and now have 36/124 hp.
You closely miss the acid dragon.
You are engulfed in a cloud of scalding steam.
* * * LOW HITPOINT WARNING * * *
The acid dragon spits acid at you. The splash of acid hits you!!
* * * LOW HITPOINT WARNING * * *
The acid corrodes you!
The steam dragon bites you but does no damage.
The steam dragon claws you but does no damage. 😱 HP[-24]
You take 24 damage, and now have 12/124 hp.
You are too berserk!
Unknown command.
You hit the acid dragon.
You are engulfed in a cloud of scalding steam.
You punch the acid dragon!
You kill the acid dragon!
Trog accepts your kill.
You are engulfed in a cloud of scalding steam.
The steam dragon bites you.
* * * LOW HITPOINT WARNING * * *
The steam dragon claws you but does no damage. 😱 HP[-3]
You now have 127 max hp (+3).
You barely miss the steam dragon.
You are engulfed in a cloud of scalding steam.
* * * LOW HITPOINT WARNING * * *
You hit the steam dragon.
You are engulfed in a cloud of scalding steam.
* * * LOW HITPOINT WARNING * * *
The steam dragon bites you but does no damage.
The steam dragon claws you but does no damage.
The wight barely misses you. 😱 HP[-2]
You take 2 damage, and now have 7/127 hp.
You hit the steam dragon but do no damage.
You are engulfed in a cloud of scalding steam. 😱 HP[+1]
You hit the steam dragon. The steam dragon breathes steam at you.
The ball of steam hits you.
* * * LOW HITPOINT WARNING * * *
The wight hits you with a +3 dire flail of freezing!
You die...

Skill      XL: |  1  2  3  4  5  6  7  8  9 10 |
---------------+-------------------------------+-----
Dodging        | 2 3 4 5 |  5.2
Armour         | 2 3 5 6 |  6.6
Unarmed Combat | 4 5 6 7 8 9 |  9.1
Fighting       | 4 5 6 |  6.7

Action                   |  1- 3 |  4- 6 |  7- 9 | 10-12 || total
-------------------------+-------+-------+-------+-------++-------
Melee: Unarmed           |   108 |   168 |   376 |    60 ||   712
       Punch             |     6 |     1 |    18 |     6 ||    31
Throw: Boomerang         |     4 |     6 |       |       ||    10
       Stone             |       |    10 |    30 |       ||    40
Invok: Berserk           |     1 |     5 |     7 |     2 ||    15
       Trog's Hand       |       |       |     3 |     1 ||     4
 Abil: Spit Poison       |     6 |     4 |     9 |       ||    19
  Use: Potion            |     2 |     5 |       |       ||     7
       Scroll            |     1 |       |     5 |       ||     6
 Stab: Distracted        |     1 |       |       |       ||     1
       Sleeping          |       |     1 |     2 |       ||     3
Armor: Animal skin       |    26 |    49 |    86 |       ||   161
       Skin              |     4 |       |       |       ||     4
       Plate armour      |       |       |    93 |    61 ||   154
Dodge: Dodged            |    61 |   101 |   162 |    23 ||   347

Levels and vault maps discovered:
D:1:      dpeg_arrival_caged_fury, layout_loops_ring, serial_forest,
          infiniplex_forest_clump_medium, infiniplex_forest_straight_4,
          infiniplex_forest_straight_3, infiniplex_forest_end_2,
          infiniplex_forest_lined_room_2, infiniplex_forest_clump_medium,
          infiniplex_forest_zigzag_1, infiniplex_forest_lined_room_2
D:2:      layout_rooms, serial_co_window_serial, co_window_paths_a,
          co_window_paths_a, co_window_corner_a, co_window_paths_a,
          co_window_corner_a, co_window_corner_cb, co_window_paths_c,
          co_window_unsneaky_path_e, co_window_of_opportunity_c,
          co_window_unsneaky_path_c, co_window_cross_3, co_window_broadway_c,
          glass_columns_a, glass_columns_b, glass_columns_a, glass_columns_a,
          basic_altar
D:3:      layout_loops_cross, amcnicky_altar_gilded, zin_angel,
          mainiacjoe_overflow_cross_hatched, ebering_ghost_disaster_area,
          serial_bayou_ford_a, st_stairs_12, uniq_robin, uniq_natasha
D:4:      gammafunk_cloud_chamber, layout_loops_ring, portal_sewer_entry_f,
          abandoned_shop, minmay_ogre_servants
D:5:      layout_basic, nicolae_overflow_hidden_temple
D:6:      layout_cave_pods, trog_antimagical,
          yredelemnul_forgotten_temple_becter, minmay_temple_entry_water_ring,
          gammafunk_ghost_necromancy
D:7:      layout_basic, mainiacjoe_overflow_surrounded_room,
          mainiacjoe_overflow_24_doors, enter_bailey_4, nrook_uturn
D:8:      layout_cave_pools, mainiacjoe_overflow_small_starburst,
          gammafunk_ghost_stat_death, kennysheep_pointless_box,
          kennysheep_generic_room_7, uniq_pikel

Notes
Turn   | Place    | Note
-------+----------+-------------------------------------------
     0 | D:1      | spaghetti the Naga Berserker began the quest for the Orb.
     0 | D:1      | Reached XP level 1. HP: 21/21 MP: 1/1
     0 | D:1      | magus.rc [v1.9.6]
     1 | D:1      | Found a runed translucent door.
    17 | D:1      | You pick up a book of Flames {forbidden} and begin
                  | reading...
    17 | D:1      | You add the spells Foxfire, Conjure Flame, Inner Flame and
                  | Flame Wave to your library.
   131 | D:1      | Reached XP level 2. HP: 28/28 MP: 2/2
   464 | D:1      | You pick up a book of Power {forbidden} and begin
                  | reading...
   464 | D:1      | You add the spells Iskenderun's Battlesphere, Iron Shot and
                  | Spellforged Servitor to your library.
   675 | D:1      | Reached XP level 3. HP: 27/34 MP: 3/3
  1422 | D:2      | Reached skill level 2 in Dodging
  1460 | D:2      | Reached skill level 2 in Armour
  1558 | D:2      | Reached ** piety under Trog
  1568 | D:2      | HP: 7/51 [worm (10)]
  1574 | D:2      | HP: 4/51 [goblin/+0 club (1)]
  2004 | D:2      | HP: 7/34 [adder (3)]
  2009 | D:2      | HP: 6/51 [poisoned by an adder]
  2010 | D:2      | Reached XP level 4. HP: 7/42 MP: 4/4
  2425 | D:2      | Found a shimmering blue altar of Sif Muna.
  3050 | D:3      | Reached skill level 4 in Unarmed Combat
  3057 | D:3      | Found a blossoming altar of Fedhas.
  3235 | D:3      | Found a large runed translucent door.
  3238 | D:3      | Found a large runed translucent door.
  3248 | D:3      | Noticed Natasha
  3264 | D:3      | HP: 5/43 [Natasha (8)]
  3266 | D:3      | Killed Natasha
  3267 | D:3      | Reached XP level 5. HP: 9/50 MP: 5/5
  3542 | D:3      | Found a glowing silver altar of Zin.
  3543 | D:3      | Noticed an angel
  3563 | D:3      | Noticed SirDiesAlot's ghost (amateur FoAK)
  3611 | D:3      | Identified the +0 cloak of the Unseen Realm {rElec rC+
                  | MP+9}
  3831 | D:3      | HP: 11/50 [orc/+0 club (3)]
  4102 | D:3      | Found a radiant altar of Vehumet.
  4170 | D:3      | Noticed Robin
  4195 | D:3      | Killed Robin
  4195 | D:3      | HP: 11/50 [goblin/+0 dagger[Robin] (5)]
  4475 | D:3      | Noticed Natasha
  4486 | D:3      | Killed Natasha
  4487 | D:3      | Reached skill level 4 in Fighting
  4487 | D:3      | Reached XP level 6. HP: 33/57 MP: 6/6
  5121 | D:4      | Reached skill level 5 in Unarmed Combat
  5181 | D:4      | Reached skill level 3 in Dodging
  5369 | D:4      | Found a transporter.
  5406 | D:4      | Reached XP level 7. HP: 53/64 MP: 7/7
  5478 | D:4      | Reached skill level 3 in Armour
  5550 | D:4      | Found a glowing drain.
  5728 | D:4      | Noticed a steam dragon
  5742 | D:4      | Killed a steam dragon
  5870 | D:4      | Found a transporter.
  6239 | D:5      | Entered Level 5 of the Dungeon
  6507 | D:5      | Reached skill level 6 in Unarmed Combat
  6663 | D:5      | Reached XP level 8. HP: 54/73 MP: 8/8
  6853 | D:5      | Reached skill level 5 in Fighting
  6853 | D:5      | Reached skill level 4 in Armour
  7278 | D:5      | Reached *** piety under Trog
  7628 | D:6      | Noticed a red ugly thing
  7648 | D:6      | Killed a red ugly thing
  7649 | D:6      | Reached skill level 4 in Dodging
  7649 | D:6      | Reached skill level 7 in Unarmed Combat
  7856 | D:6      | Reached skill level 5 in Armour
  7856 | D:6      | Reached XP level 9. HP: 65/81 MP: 9/9
  7966 | D:6      | You pick up a book of Cantrips {forbidden} and begin
                  | reading...
  7966 | D:6      | You add the spells Animate Skeleton, Summon Small Mammal
                  | and Apportation to your library.
  7984 | D:6      | Found a bloodstained altar of Trog.
  8167 | D:6      | Found a staircase to the Ecumenical Temple.
  8198 | D:6      | Found a runed translucent gate.
  8202 | D:6      | Found a runed translucent gate.
  8202 | D:6      | Found a runed translucent gate.
  8204 | D:6      | Noticed Doorstop00's ghost (novice MiBe)
  8537 | D:6      | Found a basalt altar of Yredelemnul.
  8881 | D:7      | Found an ancient bone altar of Kikubaaqudgha.
  8942 | D:7      | Found a flagged portal.
  8965 | Bailey   | Entered a bailey
  9125 | Bailey   | Reached skill level 8 in Unarmed Combat
  9138 | Bailey   | Reached skill level 6 in Fighting
  9621 | Bailey   | Found an iron altar of Okawaru.
  9729 | D:7      | Reached skill level 6 in Armour
 10111 | D:7      | Noticed a troll
 10124 | D:7      | Killed a troll
 10365 | D:7      | Reached skill level 5 in Dodging
 10719 | D:7      | Found a hazy altar of Hepliaklqana.
 11023 | D:7      | Reached XP level 10. HP: 64/92 MP: 10/10
 11560 | D:7      | Reached skill level 9 in Unarmed Combat
 11790 | D:7      | HP: 31/124 [steam dragon] (5)]
 11790 | D:7      | HP: 12/124 [acid dragon/splash of acid (20)]
 11796 | D:7      | HP: 4/127 [steam dragon/ball of steam (5)]
 11796 | D:7      | Slain by a wight

Vanquished Creatures
  An ugly thing (D:6)
  A troll (D:7)
  A steam dragon (D:4)
  A water moccasin (D:5)
  An acid dragon (D:7)
  An ice beast (D:5)
  3 orc warriors
  A sky beast (D:7)
  2 black bears (D:6)
  5 ogres
  2 phantoms
  5 kobold brigands (Bailey)
  A bullfrog (D:7)
  A necrophage (D:6)
  3 scorpions
  3 wights
  A howler monkey (D:7)
  3 jellies
  2 hounds
  3 orc priests
  A gnoll shaman (D:7)
  Natasha (twice) (D:3)
  5 orc wizards
  Robin (D:3)
  5 gnolls (D:7)
  6 adders
  2 shadow imps
  3 white imps
  An ufetubus (D:5)
  4 worms
  3 dart slugs
  18 orcs
  5 ball pythons
  8 bats
  4 endoplasms
  6 giant cockroaches
  23 goblins
  9 hobgoblins
  4 jackals (D:5)
  9 quokkas
  3 frilled lizards (D:1)
  11 kobolds
  2 rats
  A spectral orc (D:6)
177 creatures vanquished.

Vanquished Creatures (others)
  An orc wizard (D:8)
1 creature vanquished.

Grand Total: 178 creatures vanquished

Table legend:
 A = Non-vault XP
 B = Vault XP
 C = Vault XP percentage of total XP
 D = Non-vault monster count
 E = Vault monster count
 F = Vault count percentage of total count
                 A         B        C        D         E       F
            +---------+---------+-------+---------+---------+-------
      Total |    3984 |    1337 |  25.1 |     127 |      50 |  28.2
            +---------+---------+-------+---------+---------+-------
        D:1 |      39 |       0 |   0.0 |      22 |       0 |   0.0
        D:2 |      60 |       0 |   0.0 |      18 |       0 |   0.0
        D:3 |     190 |      70 |  26.9 |      18 |      14 |  43.8
        D:4 |     487 |     141 |  22.5 |      10 |      14 |  58.3
        D:5 |     650 |       0 |   0.0 |      21 |       0 |   0.0
        D:6 |     962 |     343 |  26.3 |       7 |       4 |  36.4
        D:7 |    1480 |      12 |   0.8 |      28 |       5 |  15.2
        D:8 |     116 |       0 |   0.0 |       3 |       0 |   0.0
     Bailey |       0 |     771 | 100.0 |       0 |      13 | 100.0
            +---------+---------+-------+---------+---------+-------

Illustrated notes

Table legend:
 A = Kills in this place as a percentage of kills in entire the game.
 B = Kills by you in this place as a percentage of kills by you in the entire game.
 C = Kills by friends in this place as a percentage of kills by friends in the entire game.
 D = Other kills in this place as a percentage of other kills in the entire game.
 E = Experience gained in this place as a percentage of experience gained in the entire game.
 F = Experience gained in this place divided by the number of levels of this place that you have seen.
                   A       B       C       D       E      F
               +-------+-------+-------+-------+-------+----------------------
         Total | 100.0 | 100.0 |   N/A |   N/A | 100.0 | 591.2
       Dungeon |  92.7 |  92.7 |   N/A |   N/A |  85.5 | 568.8
        Bailey |   7.3 |   7.3 |   N/A |   N/A |  14.5 | 771.0
               +-------+-------+-------+-------+-------+----------------------

Table legend: (Time is in decaauts)
 A = Elapsed time spent in this place.
 B = Non-inter-level travel time spent in this place.
 C = Inter-level travel time spent in this place.
 D = Time resting spent in this place.
 E = Time spent auto-exploring this place.
 F = Levels seen in this place.
 G = Mean time per level.
                   A        B        C        D        E       F      G
               +--------+--------+--------+--------+--------+-----+--------+
         Total |  13966 |  13545 |    421 |   3361 |   8731 |   9 | 1551.8 |
       Dungeon |  13215 |  12794 |    421 |   2859 |   8612 |   8 | 1651.9 |
        Bailey |    751 |    751 |      0 |    502 |    119 |   1 |  751.0 |
               +--------+--------+--------+--------+--------+-----+--------+

Top non-repeatable levels by time:
     D:7: 2577 daAuts
     D:3: 2380 daAuts
     D:2: 1993 daAuts
     D:1: 1651 daAuts
     D:6: 1638 daAuts
     D:4: 1625 daAuts
     D:5: 1329 daAuts
  Bailey: 751 daAuts
     D:8: 21 daAuts
